 Dungeon Crawl Stone Soup version 0.24.1-8-ga250c9d538 (webtiles) character file.

Game seed: 3026309822919987187, levelgen mode: deterministic

63 Doot the Firebug (level 3, -3/19 HPs)
             Began as a Deep Elf Fire Elementalist on May 1, 2020.
             Slain by an orc
             ... wielding a +0 falchion
              (5 damage)
             ... on level 4 of the Dungeon.
             The game lasted 00:01:42 (617 turns).

Doot the Firebug (Deep Elf Fire Elementalist)        Turns: 617, Time: 00:01:42

Health: -3/19      AC:  2    Str:  5    XL:     3   Next: 87%
Magic:  3/10       EV: 13    Int: 20    God:
Gold:   12         SH:  0    Dex: 15    Spells: 6/10 levels left

rFire    . . .     SeeInvis .   e - +0 dagger
rCold    . . .     Gourm    .   (no shield)
rNeg     . . .     Faith    .   a - +0 robe
rPois    .         Spirit   .   (no helmet)
rElec    .         Reflect  .   (no cloak)
rCorr    .         Harm     .   (no gloves)
MR       .....                  (no boots)
Stlth    ++........             (no amulet)
HPRegen  0.06/turn              (no ring)
MPRegen  0.12/turn              (no ring)

@: no status effects
A: no striking features
a: no special abilities


You were on level 4 of the Dungeon.
You were not hungry.

You visited 1 branch of the dungeon, and saw 4 of its levels.

You collected 12 gold pieces.

Inventory:

Hand Weapons
 e - a +0 dagger (weapon)
Armour
 a - a +0 robe (worn)
Potions
 d - a potion of curing
Comestibles
 c - a ration


   Skills:
 + Level 3.0 Dodging
 + Level 2.6 Stealth
 + Level 4.1 Spellcasting
 * Level 1.7 Conjurations
 + Level 4.1 Fire Magic


You had 6 spell levels left.
You knew the following spells:

 Your Spells              Type           Power        Failure   Level  Hunger
a - Flame Tongue          Conj/Fire      ###..        3%          1    None
b - Conjure Flame         Conj/Fire      ###.....     12%         3    ###....

Your spell library contained the following spells:

 Spells                   Type           Power        Failure   Level  Hunger
 Throw Flame              Conj/Fire      ###...       6%          2    #......
 Inner Flame              Hex/Fire       ##......     16%         3    ###....
 Sticky Flame             Conj/Fire      ###.....     36%         4    ####...
 Fireball                 Conj/Fire      ###.......   71%         5    ######.


Dungeon Overview and Level Annotations

Branches:
Dungeon (4/15)
 Temple: D:4-7

Altars:
Okawaru
The Shining One

Shops:
D:4 ?

Annotations:
D:3 Terence


Message History

Unknown command.
Casting: Flame Tongue (safe; 3% risk of failure)
Confirm with . or Enter, or press ? or * to list all spells.
Aiming: Flame Tongue (safe; 3% risk of failure)
Press: ? - help, Shift-Dir - straight line, f/p - orc priest
Aim: an orc priest, wielding a +0 flail of protection and wearing a +0 leather armour (moderately wounded)
The flame tongue hits the orc priest.
The orc priest is heavily wounded.
The orc priest hits you but does no damage.
The orc hits you with a +0 falchion.
* * * LOW HITPOINT WARNING * * *
Casting: Flame Tongue (safe; 3% risk of failure)
Confirm with . or Enter, or press ? or * to list all spells.
Aiming: Flame Tongue (safe; 3% risk of failure)
Press: ? - help, Shift-Dir - straight line, f/p - orc priest
Aim: an orc priest, wielding a +0 flail of protection and wearing a +0 leather armour (heavily wounded)
The flame tongue hits the orc priest.
The orc priest is severely wounded.
The orc hits you with a +0 falchion.
You die...

...............#
..........##...##
#..o...<.##.....##
.................#
...........ooo...#
....o....$...#..###
....#......###....#
......>....####.###
..#.∩.#....).@#.#
..o..........oo.#
..#...........#
............
......=.....#
............#
...........##
..........##
.........#


You could see an orc priest and an orc.

Vanquished Creatures
  A bullfrog skeleton (D:2)
  2 adders
  An orc (D:4)
  A bat (D:1)
  3 goblins
  2 hobgoblins
  2 kobolds (D:2)
  A quokka (D:2)
  2 frilled lizards
  A rat (D:1)
16 creatures vanquished.

Notes
Turn   | Place    | Note
-------+----------+-------------------------------------------
     0 | D:1      | Doot the Deep Elf Fire Elementalist began the quest for the
                  | Orb.
     0 | D:1      | Reached XP level 1. HP: 10/10 MP: 6/6
   125 | D:2      | Reached XP level 2. HP: 11/15 MP: 5/8
   209 | D:2      | Reached XP level 3. HP: 18/19 MP: 2/10
   214 | D:2      | Learned a level 3 spell: Conjure Flame
   401 | D:2      | Found a glowing golden altar of the Shining One.
   402 | D:2      | Found an iron altar of Okawaru.
   587 | D:3      | Noticed Terence
   592 | D:4      | Found Ydeid's Magic Scroll Emporium.
   617 | D:4      | Slain by an orc

Levels and vault maps discovered:
D:1:      scummos_arrival_star, layout_rooms, doesnt_xom_only_xom
D:2:      layout_loops_cross, minitemple, dk_noncrumbling_2
D:3:      layout_basic, first_ration, uniq_terence, uniq_jessica
D:4:      layout_cave_pools, lemuel_round_altar, serial_shops,
          nicolae_shop_stone

Skill      XL: |  1  2  3 |
---------------+----------+-----
Fire Magic     | 4 |  4.1
Dodging        | 3 |  3.0
Spellcasting   | 4 |  4.1
Stealth        | |  2.6
Conjurations   | |  1.7

Action                   || total
-------------------------++-------
 Cast: Flame Tongue      ||    36
  Use: Potion            ||     1
Armor: Robe              ||     2
Dodge: Dodged            ||     7
